 Dungeon Crawl Stone Soup version 0.24.0-7-gb3623d2c88 (webtiles) character file.

Game seed: 1535453256493061471, levelgen mode: deterministic

884 Baz the Sneak (level 8, 0/42 HPs)
             Began as a Vine Stalker Earth Elementalist on Nov 2, 2019.
             Was a Follower of Wu Jian.
             Slain by a centaur
             ... wielding a +2 hand axe of chopping
              (2 damage)
             ... on level 6 of the Dungeon.
             The game lasted 00:16:02 (5474 turns).

Baz the Sneak (Vine Stalker Earth Elementalist)     Turns: 5474, Time: 00:16:03

Health: 0/42       AC:  3    Str: 10    XL:     8   Next: 5%
Magic:  0/12       EV: 12    Int: 17    God:    Wu Jian [*.....]
Gold:   213        SH:  0    Dex: 16    Spells: 5/11 levels left

rFire    . . .     SeeInvis .   b - +2 dagger (freeze)
rCold    . . .     Gourm    .   (no shield)
rNeg     . . .     Faith    .   c - +0 robe
rPois    .         Spirit   +   (no helmet)
rElec    .         Reflect  .   (no cloak)
rCorr    .         Harm     .   v - +0 pair of gloves
MR       +....                  (no boots)
Stlth    +++.......             (no amulet)
HPRegen  0.54/turn              (no ring)
MPRegen  0.13/turn              (no ring)

@: no status effects
A: fangs 3, regeneration 1, magic shield, antimagic bite, no potion heal 3, rot
immunity
a: Renounce Religion


You were on level 6 of the Dungeon.
You worshipped Wu Jian.
Wu Jian was aware of your devotion.
You were not hungry.

You visited 2 branches of the dungeon, and saw 7 of its levels.

You collected 213 gold pieces.

Inventory:

Hand Weapons
 a - a +0 hunting sling
 b - a +2 dagger of freezing (weapon)
Missiles
 l - 33 sling bullets
 o - 249 stones (quivered)
Armour
 c - a +0 robe (worn)
 v - a +0 pair of gloves (worn)
Wands
 e - a wand of paralysis (9)
 u - a wand of random effects (14)
 x - a wand of acid (2)
Scrolls
 f - 3 scrolls of amnesia {unknown}
 g - a scroll of fog
 h - a scroll of enchant armour {unknown}
 i - 2 scrolls of remove curse {unknown}
 j - 2 scrolls of fear {unknown}
 p - 5 scrolls of teleportation {unknown}
 r - 2 scrolls of enchant weapon {unknown}
 s - a scroll of magic mapping {unknown}
 y - 2 scrolls of blinking {unknown}
 A - a scroll of identify
Potions
 k - a potion of lignification
 m - a potion of berserk rage
 n - 4 potions of flight {unknown}
 q - 3 potions of curing
 t - a potion of might
 w - 2 potions of haste
 B - a potion of degeneration {unknown}
Comestibles
 d - 3 rations
 z - 2 chunks of flesh


   Skills:
 + Level 3.8 Fighting
 + Level 3.5 Short Blades
 - Level 1.5 Dodging
 - Level 6.0 Stealth
 - Level 2.1 Spellcasting
 + Level 2.4 Transmutations
 - Level 5.0 Earth Magic


You had 5 spell levels left.
You knew the following spells:

 Your Spells              Type           Power        Failure   Level  Hunger
a - Sandblast             Erth           ###...       2%          1    #......
b - Passwall              Tmut/Erth      ##......     6%          2    ###....
c - Stone Arrow           Conj/Erth      ##....       21%         3    ###....

Your spell library contained the following spells:

 Spells                   Type           Power        Failure   Level  Hunger
 Magic Dart               Conj           #...         19%         1    #......
 Petrify                  Tmut/Erth      ##......     38%         4    #####..
 Lee's Rapid Deconstruct  Erth           ###.......   56%         5    ######.
 Bolt of Draining         Conj/Necr      #.........   99%         5    ######.
 Iskenderun's Battlesphe  Conj/Chrm      #.......     99%         5    ######.
 Freezing Cloud           Conj/Ice/Air   #.........   100%        6    #######


Dungeon Overview and Level Annotations

Branches:
Dungeon (6/15)             Temple (1/1) D:5

Altars:
Ashenzari
Cheibriados
Dithmenos
Elyvilon
Fedhas
Hepliaklqana
Okawaru
Ru
Sif Muna
Trog
Vehumet
Wu Jian
Xom
Zin
The Shining One

Shops:
D:4 %

Annotations:
D:2 1 exclusion
D:4 exclusions: 5 orcs and orc warrior, Natasha
D:5 1 runed translucent door, Granthy's ghost, novice GnSk


Innate Abilities, Weirdness & Mutations

You have razor-sharp teeth.
Your natural rate of healing is unusually fast.
When hurt, damage is shared between your health and your magic reserves.
Your bite disrupts and absorbs the magic of your enemies.
Potions cannot restore your health.
You are immune to rotting.


Message History

Aim: a centaur, wielding a +0 shortbow The blast of sand hits the centaur.
The centaur is lightly wounded.
o - 250 stones The centaur unwields a +0 shortbow.
The centaur wields a +2 hand axe of chopping.
The centaur hits you with a +2 hand axe of chopping!
Casting: Sandblast (safe; 2% risk of failure)
Confirm with . or Enter, or press ? or * to list all spells.
Aiming: Sandblast (safe; 2% risk of failure)
Press: ? - help, Shift-Dir - straight line, f/p - centaur
Aim: a centaur, wielding a +2 hand axe of chopping (lightly wounded)
The blast of sand hits the centaur.
The centaur is moderately wounded.
o - 249 stones The centaur hits you with a +2 hand axe of chopping!
* * * LOW HITPOINT WARNING * * *
x2 The centaur hits you with a +2 hand axe of chopping.
* * * LOW HITPOINT WARNING * * *
You die...

#. .. # ###. #. # #$.. ..#
. . ...# #..#.. #..###
....(. #....##...... .##
#...#.....#. ..#
...####.%(@c......
#..#.........%....###..<
#......#............#....>
#.$......######†...........
........ # ##.............
......[ .##.#..............
....... ...................
.....#.....................
.....#.....................


You could see a centaur.

Vanquished Creatures
  2 phantoms (D:4)
  An ogre (D:4)
  A scorpion (D:6)
  A howler monkey (D:5)
  A crimson imp (D:4)
  A centaur zombie (D:5)
  2 hounds
  3 jellies
  An orc priest (D:6)
  2 orc wizards
  3 worker ants
  4 gnolls
  5 adders
  3 worms
  6 leopard geckos
  6 orcs (D:5)
  5 bats
  3 giant cockroaches
  7 goblins
  6 hobgoblins
  4 jackals (D:6)
  A quokka (D:6)
  3 ball pythons
  5 frilled lizards
  A jackal skeleton (D:6)
  5 kobolds
  4 rats
86 creatures vanquished.

Notes
Turn   | Place    | Note
-------+----------+-------------------------------------------
     0 | D:1      | Baz the Vine Stalker Earth Elementalist began the quest for
                  | the Orb.
     0 | D:1      | Reached XP level 1. HP: 9/9 MP: 4/4
   368 | D:1      | Reached XP level 2. HP: 14/14 MP: 4/6
   393 | D:1      | Learned a level 2 spell: Passwall
   534 | D:1      | Reached skill level 3 in Stealth
  1134 | D:2      | Reached XP level 3. HP: 17/17 MP: 4/7
  1448 | D:3      | Learned a level 3 spell: Stone Arrow
  1605 | D:2      | Found a bloodstained altar of Trog.
  1637 | D:2      | Reached skill level 1 in Fighting
  1968 | D:3      | Gained mutation: Your natural rate of healing is unusually
                  | fast. [Vine Stalker growth]
  1968 | D:3      | Reached XP level 4. HP: 22/22 MP: 4/8
  2468 | D:4      | Noticed an ogre
  2576 | D:4      | Noticed a phantom
  2738 | D:4      | Killed a phantom
  2738 | D:4      | Reached skill level 1 in Short Blades
  2738 | D:4      | Reached skill level 4 in Stealth
  2738 | D:4      | Reached XP level 5. HP: 26/26 MP: 0/9
  2842 | D:4      | Noticed an orc warrior
  2865 | D:4      | Found Dateuc's Food Boutique.
  2893 | D:4      | Killed an ogre
  2893 | D:4      | Reached skill level 5 in Stealth
  2893 | D:4      | Reached XP level 6. HP: 14/30 MP: 1/10
  3137 | D:4      | Noticed a phantom
  3155 | D:4      | Killed a phantom
  3337 | D:4      | Noticed Natasha
  3470 | D:4      | You fall into a shaft and drop 1 floor!
  3470 | D:5      | Entered Level 5 of the Dungeon
  3835 | D:5      | Found a runed translucent door.
  3845 | D:5      | Reached skill level 6 in Stealth
  3846 | D:5      | Noticed Granthy's ghost (novice GnSk)
  3865 | D:5      | Reached XP level 7. HP: 23/35 MP: 9/11
  3918 | D:5      | Found a staircase to the Ecumenical Temple.
  3936 | Temple   | Entered the Ecumenical Temple
  3967 | Temple   | Became a worshipper of the Wu Jian Council
  4714 | D:6      | Identified Atwairax's Almanac of Arcane Weapons
  4914 | D:4      | Reached skill level 5 in Earth Magic
  5321 | D:6      | Reached * piety under Wu Jian
  5464 | D:6      | Gained mutation: You have razor-sharp teeth. [Vine Stalker
                  | growth]
  5464 | D:6      | Reached XP level 8. HP: 40/42 MP: 10/12
  5474 | D:6      | HP: 2/42 [centaur/+2 hand axe of chopping (3)]
  5474 | D:6      | Slain by a centaur

Levels and vault maps discovered:
D:1:      dpeg_arrival_orchard, layout_loops_ring
D:2:      minmay_razor_zed, layout_loops_cross, bloody_trog
D:3:      layout_basic, first_ration
D:4:      layout_basic, serial_shops, nicolae_shop_stone, uniq_natasha
D:5:      layout_cave_pools, minmay_temple_entry_ruins, ebering_ghost_sewer_d
D:6:      layout_cave_pools
Temple:   nicolae_temple_the_god_donut

Skill      XL: |  1  2  3  4  5  6  7 |
---------------+----------------------+-----
Stealth        | 3 4 5 6 |  6.0
Fighting       | 1 2 3 |  3.8
Short Blades   | 1 2 3 |  3.5
Earth Magic    | 4 5 |  5.0
Transmutations | 2 |  2.4
Dodging        | |  1.5
Spellcasting   | |  2.1

Action                   |  1- 3 |  4- 6 |  7- 9 || total
-------------------------+-------+-------+-------++-------
Melee: Dagger            |    56 |    45 |   140 ||   241
       Bite              |    10 |    11 |    27 ||    48
       Unarmed           |     1 |       |       ||     1
 Cast: Sandblast         |    27 |    28 |    13 ||    68
       Passwall          |     2 |     1 |     4 ||     7
       Stone Arrow       |       |       |     2 ||     2
Invok: Lunge             |       |       |    12 ||    12
Evoke: Wand              |       |       |     1 ||     1
  Use: Scroll            |       |       |     5 ||     5
 Stab: Sleeping          |     4 |     3 |     4 ||    11
       Distracted        |       |       |     1 ||     1
  Eat: Chunk             |     4 |     1 |     4 ||     9
       Ration            |       |     2 |       ||     2
Armor: Robe              |     9 |     4 |    29 ||    42
Dodge: Dodged            |    38 |    25 |    83 ||   146
